[Event "December 5 Early 2023"]
[Site "https://www.chess.com"]
[Date "2023.12.05"]
[Round "2"]
[White "Deveci, Huseyin Said"]
[Black "Pourkashiyan, Atousa"]
[Result "1-0"]
[Board "203"]
[TimeControl "180+1"]
[WhiteFideId "26322455"]
[BlackFideId "12502014"]
[WhiteElo "2243"]
[BlackElo "2487"]
[WhiteTeam "TUR"]
[BlackTeam "USA"]
[WhiteClock "0:00:06"]
[BlackClock "0:00:20"]

1. e4 c5 2. Nf3 e6 3. d4 cxd4 4. Nxd4 a6 5. c4 Nf6 6. Nc3 Qc7 7. a3 b6 8. Bd3 Bb7 9. O-O Bd6 10. h3 Bh2+ 11. Kh1 Bf4 12. Qf3 Bxc1 13. Raxc1 O-O 14. Qe3 Nc6 15. f4 d6 16. Nf3 Rfd8 17. e5 Nh5 18. Ng5 g6 19. Nd5 exd5 20. cxd5 Qd7 21. dxc6 Bxc6 22. f5 dxe5 23. fxg6 hxg6 24. Nxf7 Qxd3 25. Nh6+ Kh7 26. Rf7+ Ng7 27. Qxd3 Rxd3 28. Ng4 Rc8 29. Nf6+ Kh8 30. Kh2 Rd2 31. Rxc6 Rdd8 32. Rxc8 Rxc8 33. Rb7 Nf5 34. Rh7# 1-0

[Event "December 5 Early 2023"]
[Site "https://www.chess.com"]
[Date "2023.12.05"]
[Round "2"]
[White "Dobre, Claudiu-Cristian"]
[Black "Fernandez Sanchez, Mario Andres"]
[Result "1-0"]
[Board "204"]
[TimeControl "180+1"]
[WhiteFideId "1211854"]
[BlackFideId "6501621"]
[WhiteElo "2487"]
[BlackElo "2236"]
[WhiteTeam "ROU"]
[BlackTeam "CRC"]
[WhiteClock "0:00:53"]
[BlackClock "0:01:34"]

1. d4 d5 2. Nf3 Nf6 3. e3 Bf5 4. c4 c6 5. Nc3 e6 6. Nh4 Bg6 7. Qb3 Qb6 8. Nxg6 hxg6 9. Be2 Nbd7 10. Bd2 Be7 11. O-O-O Rc8 12. Kb1 Qxb3 13. axb3 Bd6 14. f4 O-O 15. Bf3 Rc7 16. g4 Rfc8 17. h4 dxc4 18. bxc4 c5 19. Nb5 Rc6 20. Nxa7 cxd4 21. Bxc6 1-0

[Event "December 5 Early 2023"]
[Site "https://www.chess.com"]
[Date "2023.12.05"]
[Round "2"]
[White "Dyulgerov, Volen"]
[Black "Kovalevsky, Stanislav"]
[Result "0-1"]
[Board "205"]
[TimeControl "180+1"]
[WhiteFideId "2918978"]
[BlackFideId "13508598"]
[WhiteElo "2233"]
[BlackElo "2487"]
[WhiteTeam "BUL"]
[BlackTeam "FID"]
[WhiteClock "0:00:02"]
[BlackClock "0:00:14"]

1. e4 c6 2. d4 d5 3. Nd2 dxe4 4. Nxe4 Nf6 5. Ng5 g6 6. h4 Bg7 7. h5 Nxh5 8. Rxh5 gxh5 9. Qxh5 Qd5 10. c4 Qf5 11. Bd3 Qxd3 12. Qxf7+ Kd8 13. Qxg7 Re8 14. Nf7+ Kc7 15. Bf4+ Kb6 16. Qe5 Nd7 17. Qc7+ Ka6 18. Ne2 Qxc4 19. Ng5 Nb6 20. Rc1 Qb4+ 21. Bd2 Nd5 22. Qe5 Qxb2 23. Ne4 b6 24. Qc7 Bf5 25. Nc5+ bxc5 26. Rxc5 Qb1+ 27. Nc1 Nb6 28. Rxc6 Rac8 29. Rxb6+ axb6 30. Qe5 Rxc1+ 31. Bxc1 Qxc1+ 32. Ke2 Qc2+ 33. Kf3 Qd3+ 34. Kf4 Qe4+ 0-1

[Event "December 5 Early 2023"]
[Site "https://www.chess.com"]
[Date "2023.12.05"]
[Round "2"]
[White "Kopczynski, Michal"]
[Black "NastyaHn"]
[Result "1-0"]
[Board "206"]
[TimeControl "180+1"]
[WhiteFideId "1124200"]
[WhiteElo "2485"]
[BlackElo "2231"]
[WhiteTeam "POL"]
[WhiteClock "0:00:30"]
[BlackClock "0:00:00"]

1. e4 c5 2. d4 cxd4 3. c3 d5 4. exd5 Qxd5 5. cxd4 Nc6 6. Nf3 Bg4 7. Be2 Nf6 8. Nc3 Qd8 9. d5 Nb8 10. Qb3 Nbd7 11. Bf4 Qb6 12. Nb5 Rc8 13. Nc7+ Kd8 14. Nb5 a6 15. Be3 Qa5+ 16. Bd2 Qb6 17. Qa3 Ke8 18. Ba5 Qc5 19. b4 Qxd5 20. Nc7+ Rxc7 21. Bxc7 e5 22. O-O e4 23. Rfd1 Qh5 24. h3 Bxf3 25. Bxf3 exf3 26. Qxf3 Qxf3 27. gxf3 Bxb4 28. Rab1 a5 29. a3 Bxa3 30. Re1+ Kf8 31. Rxb7 Bb4 32. Ra1 g6 33. Bxa5 Bxa5 34. Rxa5 Kg7 35. Raa7 Re8 36. f4 Re4 37. f5 gxf5 38. Kg2 Rh4 39. Rb5 f4 40. Rf5 Kg6 41. Rfa5 Rh5 42. Rxh5 Kxh5 43. Kf3 Kg5 44. Ra5+ Kg6 45. Kxf4 Nh5+ 46. Kg4 Ndf6+ 47. Kh4 Ng7 48. Rg5+ Kh6 49. Ra5 Kg6 50. Kg3 Nf5+ 51. Kf4 1-0

[Event "December 5 Early 2023"]
[Site "https://www.chess.com"]
[Date "2023.12.05"]
[Round "2"]
[White "ibove"]
[Black "Filali, Razzouki Marouane"]
[Result "0-1"]
[Board "207"]
[TimeControl "180+1"]
[BlackFideId "9003720"]
[WhiteElo "2223"]
[BlackElo "2484"]
[BlackTeam "MAR"]
[WhiteClock "0:00:06"]
[BlackClock "0:00:12"]

1. e4 c6 2. c4 d5 3. exd5 cxd5 4. d4 Nf6 5. Nc3 dxc4 6. Bxc4 e6 7. Nf3 Bd6 8. O-O O-O 9. Bg5 a6 10. Qd3 Re8 11. Rfd1 Nbd7 12. Bb3 Nf8 13. Rac1 b5 14. Ne4 Be7 15. Nc5 Ng6 16. h4 Nd5 17. g3 Bf6 18. a4 Rb8 19. Re1 h6 20. Bxf6 Nxf6 21. d5 Nxd5 22. Bxd5 exd5 23. Rxe8+ Qxe8 24. Qxd5 Bg4 25. Re1 Qd8 26. Qe4 Qc8 27. Nd3 Bf5 28. Qd5 Be6 29. Qe4 bxa4 30. Nfe5 Nxe5 31. Nxe5 Rxb2 32. Rd1 Rc2 33. Qxa4 Rc1 34. Kh2 Rxd1 35. Qxd1 Qc5 36. Nd3 Qd4 37. Qe2 a5 38. Nf4 Bd7 39. Qe7 a4 40. Qd8+ Kh7 41. Qa5 Qd6 42. Qc3 f6 43. Qc2+ f5 44. Qc1 Qd4 45. Ne2 Qxf2+ 46. Kh1 f4 47. Qb1+ Kg8 48. Nxf4 Qf3+ 49. Kh2 Qf2+ 50. Ng2 Bc6 51. Qg1 Qxg2+ 52. Qxg2 Bxg2 53. Kxg2 a3 54. Kf3 a2 55. Ke4 a1=Q 56. Kd5 Qg1 57. g4 Qxg4 58. h5 Qxh5+ 59. Ke6 Qf7+ 60. Kd6 h5 0-1

[Event "December 5 Early 2023"]
[Site "https://www.chess.com"]
[Date "2023.12.05"]
[Round "2"]
[White "Verbin, Valentina"]
[Black "Grochal, Joey"]
[Result "0-1"]
[Board "208"]
[TimeControl "180+1"]
[WhiteFideId "13905910"]
[BlackFideId "1019945"]
[WhiteElo "2221"]
[BlackElo "2484"]
[WhiteTeam "MDA"]
[BlackTeam "NED"]
[WhiteClock "0:00:00"]
[BlackClock "0:00:11"]

1. c4 g6 2. Nc3 Bg7 3. g3 Nf6 4. Bg2 c6 5. e3 d5 6. cxd5 cxd5 7. Nge2 Nc6 8. O-O e5 9. d4 e4 10. f3 exf3 11. Bxf3 O-O 12. Nf4 Be6 13. Qb3 Na5 14. Qa4 Rc8 15. Nxe6 fxe6 16. Ne2 a6 17. Nf4 Re8 18. b3 Bf8 19. Bd2 Nc6 20. Rac1 Nd7 21. Bg4 Nb6 22. Nxe6 Rxe6 23. Bxe6+ Kg7 24. Rf7+ Kh8 25. Bxc8 Nxa4 26. Bxb7 Ne7 27. bxa4 Kg8 28. Rcf1 Bh6 29. g4 Qd7 30. Bxd5 Qxg4+ 31. Bg2 Nf5 32. Rf3 Kxf7 33. h3 Qe4 34. Rf1 Qd3 35. e4 Qxd4+ 36. Kh1 Bxd2 37. exf5 g5 38. f6 Bf4 39. Bf3 Kxf6 40. Bg4 Qe3 0-1

[Event "December 5 Early 2023"]
[Site "https://www.chess.com"]
[Date "2023.12.05"]
[Round "2"]
[White "Sreyas Payyappat"]
[Black "Florianovitz, Derlei Alex"]
[Result "1-0"]
[Board "209"]
[TimeControl "180+1"]
[WhiteFideId "46674969"]
[BlackFideId "2114178"]
[WhiteElo "2482"]
[BlackElo "2218"]
[WhiteTeam "IND"]
[BlackTeam "BRA"]
[WhiteClock "0:00:15"]
[BlackClock "0:00:07"]

1. e4 e6 2. d4 d5 3. Nc3 Nf6 4. Bg5 dxe4 5. Nxe4 Be7 6. Bxf6 gxf6 7. Nf3 b6 8. Bd3 Bb7 9. c3 Nd7 10. Qc2 c6 11. O-O-O Qc7 12. h4 O-O-O 13. Kb1 h6 14. g4 Rhg8 15. Rhg1 Qf4 16. Qe2 Rxg4 17. Rxg4 Qxg4 18. Rg1 Qf4 19. Rg7 f5 20. Rxf7 Re8 21. Ned2 Bxh4 22. Rxf5 exf5 23. Qxe8+ Kc7 24. Qf7 Bf6 25. Qe6 Qd6 26. Qxf5 c5 27. Be4 Bc8 28. Nc4 Nf8 29. Nxd6 Bxf5 30. Nxf5 cxd4 31. N5xd4 Kd6 32. Kc2 Nd7 33. Kd3 Ne5+ 34. Nxe5 Bxe5 35. Nf5+ Ke6 36. Nxh6 Kf6 37. Ng4+ Kg5 38. Nxe5 Kf4 39. Kd4 1-0

[Event "December 5 Early 2023"]
[Site "https://www.chess.com"]
[Date "2023.12.05"]
[Round "2"]
[White "Iljin, Timofey"]
[Black "Nechitaylo, Nikita"]
[Result "1-0"]
[Board "210"]
[TimeControl "180+1"]
[WhiteFideId "14110180"]
[BlackFideId "34138161"]
[WhiteElo "2479"]
[BlackElo "2213"]
[WhiteTeam "UKR"]
[BlackTeam "UKR"]
[WhiteClock "0:01:54"]
[BlackClock "0:00:54"]

1. e4 c5 2. c3 Nf6 3. e5 Nd5 4. d4 e6 5. Nf3 cxd4 6. cxd4 d6 7. exd6 Bxd6 8. Nc3 O-O 9. Bd3 Nc6 10. O-O b6 11. Re1 Bb7 12. Nxd5 exd5 13. Bxh7+ Kh8 14. Bd3 Rc8 15. Bg5 Qc7 16. Ne5 g6 17. Bf6+ Kg8 18. Qg4 Be7 19. Nxg6 Bxf6 20. Ne7+ Kh8 21. Qh5+ Kg7 22. Qh7# 1-0

[Event "December 5 Early 2023"]
[Site "https://www.chess.com"]
[Date "2023.12.05"]
[Round "2"]
[White "Player, Edmund C"]
[Black "Ladan, Nicholas"]
[Result "1-0"]
[Board "211"]
[TimeControl "180+1"]
[WhiteFideId "406520"]
[BlackFideId "30918855"]
[WhiteElo "2211"]
[BlackElo "2479"]
[WhiteTeam "ENG"]
[BlackTeam "USA"]
[WhiteClock "0:00:03"]
[BlackClock "0:00:15"]

1. e4 e5 2. Nc3 Nc6 3. Nf3 Nf6 4. g3 Bc5 5. Bg2 d6 6. d3 O-O 7. Na4 h6 8. Nxc5 dxc5 9. Be3 Qd6 10. O-O Re8 11. h3 b6 12. Nh4 Nd4 13. f4 Bb7 14. c3 Nc6 15. Nf5 Qf8 16. fxe5 Nxe5 17. Nxh6+ Kh8 18. Qe2 Rad8 19. Rad1 Nxe4 20. Bxe4 Bxe4 21. dxe4 gxh6 22. Rf6 Ng6 23. Rdf1 Qe7 24. Qh5 Qxe4 25. Bxh6 Rd5 26. Bg5+ Kg8 27. Rxf7 Qe3+ 28. Bxe3 Rxh5 29. Bc1 Rxh3 30. Kg2 Rh7 31. Rxh7 Kxh7 32. Rf7+ Kg8 33. Rxc7 Re2+ 34. Kf3 Rc2 35. Bg5 Rxb2 36. Rxa7 Rc2 37. Bf6 Kf8 38. Kg4 Rf2 39. Kg5 Rf3 40. Kxg6 Rxg3+ 41. Kf5 Ke8 42. Ke6 Re3+ 43. Be5 Rd3 44. Ra8+ Rd8 45. Rxd8+ Kxd8 46. Kd6 c4 47. Kc6 Ke7 48. Kxb6 Ke6 49. Bd4 Kd5 50. Kb5 Kd6 51. Kxc4 Kc7 52. Kc5 Kb7 53. c4 Ka6 54. a4 Ka5 55. Kd5 Ka6 56. c5 Ka7 57. c6+ Ka6 58. c7 Kb7 59. Kd6 Kc8 60. Be5 Kb7 61. Kd7 Ka7 62. c8=Q Kb6 63. Bd4+ Ka5 64. Qc5+ Kxa4 65. Qb6 Ka3 66. Bc5+ Ka2 67. Kc6 Ka1 68. Kd5 Ka2 69. Kc4 Ka1 70. Kc3 Ka2 71. Qb2# 1-0

[Event "December 5 Early 2023"]
[Site "https://www.chess.com"]
[Date "2023.12.05"]
[Round "2"]
[White "Chemin, Justo Reinaldo"]
[Black "Sroczynski, Maciej"]
[Result "1-0"]
[Board "212"]
[TimeControl "180+1"]
[WhiteFideId "2101580"]
[BlackFideId "1121472"]
[WhiteElo "2208"]
[BlackElo "2479"]
[WhiteTeam "BRA"]
[BlackTeam "POL"]
[WhiteClock "0:01:22"]
[BlackClock "0:01:24"]

1. e4 c5 2. Nf3 e6 3. d3 d5 4. Nbd2 Nc6 5. g3 Nf6 6. Bg2 Be7 7. O-O O-O 8. h4 b5 9. Nh2 a5 10. f4 dxe4 11. dxe4 c4 12. e5 Nd5 13. Ne4 Qb6+ 14. Kh1 Bb7 15. Qh5 Ne3 16. Bxe3 Qxe3 17. Ng4 Qb6 18. Ngf6+ gxf6 19. exf6 Bxf6 20. Nxf6+ Kg7 21. Qg5+ Kh8 22. Qh6 1-0

[Event "December 5 Early 2023"]
[Site "https://www.chess.com"]
[Date "2023.12.05"]
[Round "2"]
[White "Balint, Vilmos"]
[Black "Rodriguez Avila, Alvaro"]
[Result "0-1"]
[Board "213"]
[TimeControl "180+1"]
[WhiteFideId "718050"]
[BlackFideId "24570249"]
[WhiteElo "2478"]
[BlackElo "2207"]
[WhiteTeam "HUN"]
[BlackTeam "ESP"]
[WhiteClock "0:01:22"]
[BlackClock "0:00:28"]

1. e4 c5 2. Nf3 d6 3. d4 cxd4 4. Bb5+ Nd7 5. Nxd4 a6 6. Bxd7+ Bxd7 7. O-O Nf6 8. f3 e5 9. Ne2 Be7 10. c4 Rc8 11. b3 b5 12. Na3 O-O 13. Be3 d5 14. Nc2 d4 15. Bg5 bxc4 16. bxc4 Rxc4 17. Nc1 Ba4 18. Rf2 Qc7 19. Nb3 Rc8 20. Ne1 Nxe4 21. fxe4 Bxg5 22. Nd3 Be3 23. h3 Rc2 24. Qf3 f6 25. Kh2 Bxf2 26. Nxf2 Qc3 27. Qf5 Bxb3 28. axb3 Qxa1 29. Ng4 Qc1 30. Qe6+ Kh8 0-1

[Event "December 5 Early 2023"]
[Site "https://www.chess.com"]
[Date "2023.12.05"]
[Round "2"]
[White "Palmer, Reegan"]
[Black "Shevchuk, Olexandr"]
[Result "1-0"]
[Board "214"]
[TimeControl "180+1"]
[WhiteFideId "14322145"]
[BlackFideId "14113775"]
[WhiteElo "2202"]
[BlackElo "2476"]
[WhiteTeam "RSA"]
[BlackTeam "UKR"]
[WhiteClock "0:00:24"]
[BlackClock "0:01:09"]

1. e4 c5 2. Nf3 e6 3. Qe2 Nc6 4. c3 d5 5. d3 g6 6. g3 Bg7 7. Bg2 Nf6 8. O-O O-O 9. Nbd2 a5 10. Re1 b6 11. Nf1 Ba6 12. e5 Nd7 13. Bf4 b5 14. h4 b4 15. c4 a4 16. b3 Nb6 17. N1h2 Qc7 18. Ng4 Rfd8 19. h5 Bb7 20. Nf6+ Bxf6 21. exf6 Qd7 22. Ng5 axb3 23. axb3 Rxa1 24. Rxa1 Nd4 25. Qg4 dxc4 26. Ra7 Nc6 27. Rxb7 Qxb7 28. hxg6 hxg6 29. Qh4 Qa7 30. Qh7+ Kf8 31. Qh8# 1-0

[Event "December 5 Early 2023"]
[Site "https://www.chess.com"]
[Date "2023.12.05"]
[Round "2"]
[White "Kazakov, Mikhail"]
[Black "Kurbonboeva, Sarvinoz"]
[Result "1-0"]
[Board "215"]
[TimeControl "180+1"]
[WhiteFideId "14102749"]
[BlackFideId "14201780"]
[WhiteElo "2473"]
[BlackElo "2201"]
[WhiteTeam "UKR"]
[BlackTeam "UZB"]
[WhiteClock "0:00:18"]
[BlackClock "0:00:00"]

1. d4 d5 2. c4 e6 3. Nc3 c6 4. Nf3 Nf6 5. Bg5 Be7 6. e3 O-O 7. Qc2 Nbd7 8. Rd1 b6 9. Bd3 Bb7 10. O-O Qc7 11. Bxh7+ Nxh7 12. Bxe7 Rfe8 13. Bh4 dxc4 14. Bg3 Qd8 15. Ne4 Ndf6 16. Nd6 Re7 17. Nxb7 Rxb7 18. Qxc4 Rc8 19. Qe2 Qe7 20. e4 Nh5 21. a3 Nxg3 22. hxg3 Nf6 23. Rd3 c5 24. dxc5 Rxc5 25. Rfd1 Rd7 26. Rxd7 Nxd7 27. e5 Rc8 28. Qe4 Nc5 29. Qf4 Rd8 30. Rxd8+ Qxd8 31. Kh2 Nd3 32. Qd2 Qd5 33. Qe3 Nxb2 34. Ng5 Nd3 35. f4 Nc5 36. Qe2 Kf8 37. Qh5 1-0

[Event "December 5 Early 2023"]
[Site "https://www.chess.com"]
[Date "2023.12.05"]
[Round "2"]
[White "Cagara, Paulina"]
[Black "Shishkov, Andrei"]
[Result "0-1"]
[Board "216"]
[TimeControl "180+1"]
[WhiteFideId "1124870"]
[BlackFideId "4500563"]
[WhiteElo "2201"]
[BlackElo "2472"]
[WhiteTeam "POL"]
[BlackTeam "EST"]
[WhiteClock "0:01:05"]
[BlackClock "0:00:59"]

1. e4 d5 2. exd5 Nf6 3. Nf3 Nxd5 4. d4 Bg4 5. Be2 Nc6 6. O-O e6 7. c4 Nb6 8. Be3 Bxf3 9. Bxf3 Nxc4 10. Bxc6+ bxc6 11. Qa4 Nb6 12. Qxc6+ Qd7 13. Qc2 Bd6 14. Nc3 O-O 15. b3 Rfb8 16. Rad1 a5 17. d5 Nxd5 18. Nxd5 exd5 19. g3 c6 20. Rc1 Ra6 21. h4 c5 22. Kg2 d4 23. Bd2 a4 24. Qd3 Qb7+ 25. Kh3 axb3 26. axb3 Ra3 27. Rb1 Rxb3 28. Rxb3 Qxb3 29. Qf5 Qe6 0-1

[Event "December 5 Early 2023"]
[Site "https://www.chess.com"]
[Date "2023.12.05"]
[Round "2"]
[White "Mazurkiewicz, Michal"]
[Black "Zoete, Roelant"]
[Result "1-0"]
[Board "217"]
[TimeControl "180+1"]
[WhiteFideId "1124943"]
[BlackFideId "40103269"]
[WhiteElo "2472"]
[BlackElo "2200"]
[WhiteTeam "POL"]
[BlackTeam "NED"]
[WhiteClock "0:01:59"]
[BlackClock "0:01:05"]

1. e4 e5 2. Nf3 Nc6 3. Bb5 a6 4. Bxc6 dxc6 5. O-O Bg4 6. h3 h5 7. d3 Qf6 8. Nbd2 g5 9. Nc4 Bxf3 10. Qxf3 Qxf3 11. gxf3 f6 12. h4 gxh4 13. f4 Bd6 14. fxe5 Bxe5 15. Nxe5 fxe5 16. f4 Nh6 17. fxe5 Rg8+ 18. Kh1 Ng4 19. Rf5 h3 20. Bg5 Kd7 21. Rf7+ Ke8 22. Raf1 Rc8 23. Re7+ Kd8 24. Rg7+ Ke8 25. Rxg8+ Kd7 26. Rg7+ Ke6 27. Re7# 1-0

[Event "December 5 Early 2023"]
[Site "https://www.chess.com"]
[Date "2023.12.05"]
[Round "2"]
[White "Tan, Jonathan"]
[Black "Zainullina, Nataliya"]
[Result "1-0"]
[Board "218"]
[TimeControl "180+1"]
[WhiteFideId "5200482"]
[BlackFideId "4145488"]
[WhiteElo "2471"]
[BlackElo "2199"]
[WhiteTeam "PHI"]
[BlackTeam "RUS"]
[WhiteClock "0:01:33"]
[BlackClock "0:00:14"]

1. d4 d5 2. Nc3 Nf6 3. Bf4 c6 4. e3 Bf5 5. f3 e6 6. g4 Bg6 7. h4 h6 8. h5 Bh7 9. Bd3 Bxd3 10. Qxd3 Bd6 11. Nge2 Bxf4 12. exf4 Nbd7 13. O-O-O c5 14. f5 c4 15. Qe3 Qe7 16. Nf4 exf5 17. Qxe7+ Kxe7 18. Ncxd5+ Nxd5 19. Nxd5+ Kd6 20. Ne3 fxg4 21. Nxc4+ Kc7 22. fxg4 Rae8 23. Rhe1 Rhf8 24. Ne3 Nf6 25. Nf5 Nxg4 26. Nxg7 Rxe1 27. Rxe1 f5 28. Ne6+ 1-0

[Event "December 5 Early 2023"]
[Site "https://www.chess.com"]
[Date "2023.12.05"]
[Round "2"]
[White "Tabuenca Mendataurigoitia, Daniel"]
[Black "Golubenko, Valentina"]
[Result "1-0"]
[Board "219"]
[TimeControl "180+1"]
[WhiteFideId "24563617"]
[BlackFideId "4501993"]
[WhiteElo "2471"]
[BlackElo "2194"]
[WhiteTeam "ESP"]
[BlackTeam "CRO"]
[WhiteClock "0:00:37"]
[BlackClock "0:00:06"]

1. Nf3 Nf6 2. g3 d5 3. Bg2 g6 4. O-O Bg7 5. d3 c5 6. Nbd2 O-O 7. e4 d4 8. a4 Nc6 9. h3 e5 10. Nc4 Re8 11. a5 Rb8 12. c3 b5 13. axb6 axb6 14. cxd4 cxd4 15. Bd2 b5 16. Na5 Nxa5 17. Bxa5 Qd6 18. Qc2 Rb7 19. Rfc1 Be6 20. Bc7 Qb4 21. Bxe5 Nd7 22. Bxg7 Kxg7 23. Ra6 Nb6 24. Qc6 Rc8 25. Qxb7 Rxc1+ 26. Kh2 Na4 27. Rxe6 Nc5 28. Qe7 Nxd3 29. Qf6+ Kh6 30. Qxf7 Nxf2 31. Qf4+ Kg7 32. Qxc1 d3 33. Qc7+ Kh6 34. Qf4+ Kg7 35. Ng5 d2 36. Qf6+ Kh6 37. Nf7+ 1-0

[Event "December 5 Early 2023"]
[Site "https://www.chess.com"]
[Date "2023.12.05"]
[Round "2"]
[White "1mbl4"]
[Black "Osmonbekov, Talaibek"]
[Result "1-0"]
[Board "220"]
[TimeControl "180+1"]
[BlackFideId "2017253"]
[WhiteElo "2470"]
[BlackElo "2190"]
[BlackTeam "USA"]
[WhiteClock "0:02:05"]
[BlackClock "0:00:00"]

1. d4 e6 2. Nc3 f5 3. e4 fxe4 4. Nxe4 Nf6 5. Bg5 Be7 6. Bxf6 Bxf6 7. Nf3 O-O 8. Bd3 c5 9. Nxc5 Nc6 10. c3 e5 11. O-O exd4 12. cxd4 d5 13. Re1 Qd6 14. h3 b6 15. Nb3 a5 16. Nc1 Kh8 17. Ne2 Nb4 18. Bb1 Bd8 19. a3 Nc6 20. Ng3 Bc7 21. Ne5 Nxe5 22. dxe5 Qc5 23. Qh5 Qxf2+ 24. Kh2 Bf5 25. Bxf5 Rxf5 26. Qxf5 Qxb2 27. Rac1 Qd2 28. Nf1 Bxe5+ 29. Qxe5 1-0

[Event "December 5 Early 2023"]
[Site "https://www.chess.com"]
[Date "2023.12.05"]
[Round "2"]
[White "Petersson, Kjell"]
[Black "Manukyan, Sargis V."]
[Result "0-1"]
[Board "221"]
[TimeControl "180+1"]
[WhiteFideId "1705148"]
[BlackFideId "13303465"]
[WhiteElo "2179"]
[BlackElo "2469"]
[WhiteTeam "SWE"]
[BlackTeam "ARM"]
[WhiteClock "0:00:16"]
[BlackClock "0:01:31"]

1. d4 e6 2. Bf4 c5 3. e3 Nf6 4. Nd2 Nc6 5. c3 d5 6. Ngf3 Bd6 7. Bg3 Bxg3 8. hxg3 Qe7 9. Bd3 h6 10. Ne5 Nxe5 11. dxe5 Nd7 12. Nf3 a6 13. g4 b5 14. g5 Bb7 15. gxh6 Rxh6 16. Rxh6 gxh6 17. Qd2 O-O-O 18. O-O-O Kc7 19. Kb1 Qf8 20. Qe2 Qg7 21. Rh1 Rh8 22. g3 Nxe5 23. Nxe5 Qxe5 24. Rh5 Qf6 25. f3 Rg8 26. g4 Rg5 27. Rxg5 hxg5 28. e4 dxe4 29. Bxe4 Bxe4+ 30. Qxe4 Qg6 31. Qxg6 fxg6 32. Kc2 Kd6 33. Kd3 Ke5 34. Ke3 c4 35. a3 a5 36. Ke2 Kf4 37. Kf2 e5 38. Ke2 e4 39. fxe4 Kxe4 40. Kf2 Kd3 41. Kf3 a4 42. Kf2 Kc2 43. Ke3 Kxb2 44. Kd4 Kxa3 45. Kc5 Kb3 46. Kxb5 a3 0-1

[Event "December 5 Early 2023"]
[Site "https://www.chess.com"]
[Date "2023.12.05"]
[Round "2"]
[White "Mizzi, Jack"]
[Black "Onslow, Alfie"]
[Result "1/2-1/2"]
[Board "222"]
[TimeControl "180+1"]
[WhiteFideId "5602521"]
[BlackFideId "436976"]
[WhiteElo "2468"]
[BlackElo "2173"]
[WhiteTeam "MLT"]
[BlackTeam "ENG"]
[WhiteClock "0:00:05"]
[BlackClock "0:00:07"]

1. d4 d5 2. c4 c6 3. Nf3 e6 4. Nbd2 f5 5. g3 Nf6 6. Bg2 Be7 7. O-O O-O 8. b3 b6 9. Bb2 Nbd7 10. Rc1 a5 11. Ng5 Nb8 12. f4 Ne4 13. Ngf3 Ba6 14. Ne5 Bf6 15. Ndf3 Qe8 16. Qc2 Bb7 17. cxd5 exd5 18. a4 Na6 19. Bh3 Nb4 20. Qb1 g6 21. Ba3 c5 22. Bxb4 axb4 23. e3 Ba6 24. Rfe1 Nc3 25. Qc2 Rc8 26. Bf1 Bxf1 27. Kxf1 c4 28. h4 b5 29. axb5 Qxb5 30. Kg2 Ra8 31. Ra1 cxb3 32. Qxb3 Rxa1 33. Rxa1 Qe2+ 34. Kh3 Ne4 35. Qxd5+ Kh8 36. Ra2 Qf1+ 37. Kh2 b3 38. Qxb3 Bxe5 39. Nxe5 Qe1 40. Rg2 Nf2 41. Rg1 Qe2 42. Rg2 Qf1 43. Rxf2 Qxf2+ 44. Kh3 Qg1 45. Qc2 Qxe3 46. d5 Qg1 47. Qg2 Qxg2+ 48. Kxg2 Kg7 49. Kf3 Rd8 50. Nc4 Rxd5 51. Ne3 Rd3 52. Ke2 Ra3 53. Kf3 h6 54. Ke2 Kf6 55. Kf3 Ra2 56. Ng2 Ra3+ 57. Ne3 Ke6 58. Ke2 Rb3 59. Kd2 Rb2+ 60. Kc3 Re2 61. Kd3 Re1 62. Kd2 Ra1 63. Ke2 Kd6 64. Kf3 Kc5 65. h5 gxh5 66. Nxf5 Ra3+ 67. Kg2 Kd5 68. Nxh6 Ke4 69. Nf7 Kf5 70. Nd6+ Kg4 71. Ne4 Re3 72. Nf6+ Kf5 73. Nxh5 Kg4 74. Nf6+ Kf5 75. Nd5 Rd3 76. Ne7+ Kg4 77. Nc6 Rd2+ 78. Kf1 Kxg3 79. Ne5 Kxf4 80. Ng6+ Kf3 81. Nh4+ Kg3 82. Nf5+ Kf4 83. Nh4 Rh2 84. Ng2+ Kf3 85. Ne1+ Kg3 86. Kg1 Re2 87. Kf1 Rb2 88. Kg1 Re2 89. Kf1 Rf2+ 90. Kg1 Rf8 91. Ng2 Ra8 92. Ne1 Rf8 93. Ng2 Re8 94. Kf1 Re6 95. Ne1 Rf6+ 96. Kg1 Rf2 97. Ng2 Rxg2+ 98. Kf1 Kf3 99. Ke1 Rf2 100. Kd1 Ke3 101. Ke1 Rh2 102. Kf1 Re2 103. Kg1 Kf3 104. Kf1 Re3 105. Kg1 Re2 106. Kf1 Rb2 107. Ke1 Re2+ 108. Kf1 1/2-1/2

[Event "December 5 Early 2023"]
[Site "https://www.chess.com"]
[Date "2023.12.05"]
[Round "2"]
[White "Vila Dupla, Aurelio"]
[Black "Parfenov, Viktor N."]
[Result "1-0"]
[Board "223"]
[TimeControl "180+1"]
[WhiteFideId "2203383"]
[BlackFideId "4165969"]
[WhiteElo "2172"]
[BlackElo "2464"]
[WhiteTeam "ESP"]
[BlackTeam "RUS"]
[WhiteClock "0:01:57"]
[BlackClock "0:01:58"]

1. Nf3 d5 2. d4 Nf6 3. c4 e6 4. cxd5 exd5 5. Nc3 c6 6. Qc2 g6 7. Bg5 Be7 8. e3 Bf5 9. Bd3 Bxd3 10. Qxd3 Nbd7 11. O-O Ne4 12. Nxe4 dxe4 13. Qxe4 f6 14. Bh6 Kf7 15. d5 Nc5 16. Qb4 a5 17. Qc4 b5 18. Qg4 Qxd5 19. Rfd1 Qe6 20. Qf4 Rhd8 21. Ng5+ 1-0

[Event "December 5 Early 2023"]
[Site "https://www.chess.com"]
[Date "2023.12.05"]
[Round "2"]
[White "Yurasova, Daria"]
[Black "Michalski, Olaf"]
[Result "0-1"]
[Board "225"]
[TimeControl "180+1"]
[WhiteFideId "34146919"]
[BlackFideId "1106740"]
[WhiteElo "2461"]
[BlackElo "2160"]
[WhiteTeam "RUS"]
[BlackTeam "POL"]
[WhiteClock "0:00:00"]
[BlackClock "0:00:02"]

1. e4 c5 2. Nf3 a6 3. d4 cxd4 4. Nxd4 Nf6 5. c4 Nxe4 6. Bd3 Nf6 7. O-O Nc6 8. Nxc6 bxc6 9. Nc3 e6 10. b3 Be7 11. Bb2 d5 12. cxd5 cxd5 13. Na4 Bd7 14. Nc3 O-O 15. Ne2 Ne8 16. Nd4 Bf6 17. Rc1 Qb6 18. Bb1 g6 19. Qd3 e5 20. Ne2 Bb5 21. Qxd5 Rd8 22. Qf3 e4 23. Qxe4 Bxb2 24. Rcd1 Nd6 25. Qf3 Rfe8 26. Rfe1 Bg7 27. Ng3 Rxe1+ 28. Rxe1 Re8 29. Rd1 h5 30. h4 Re6 31. Qd5 Bc6 32. Qd2 Qb7 33. f3 Nb5 34. Kh2 Nc3 35. Qd8+ Kh7 36. Rd6 Nxb1 37. Rxe6 fxe6 38. Ne2 Qf7 0-1

[Event "December 5 Early 2023"]
[Site "https://www.chess.com"]
[Date "2023.12.05"]
[Round "2"]
[White "Ljukin, Sergei"]
[Black "Pertinez Soria, Juan Luis"]
[Result "1-0"]
[Board "226"]
[TimeControl "180+1"]
[WhiteFideId "14102200"]
[BlackFideId "2225620"]
[WhiteElo "2458"]
[BlackElo "2154"]
[WhiteTeam "UKR"]
[BlackTeam "ESP"]
[WhiteClock "0:01:10"]
[BlackClock "0:00:06"]

1. e4 c5 2. Nf3 d6 3. d4 cxd4 4. Nxd4 Nf6 5. Nc3 a6 6. Bg5 e6 7. f4 Be7 8. Qf3 Nbd7 9. O-O-O Qc7 10. g4 Rb8 11. Bxf6 Nxf6 12. g5 Nd7 13. f5 Bxg5+ 14. Kb1 Ne5 15. Qh5 h6 16. Nxe6 Bxe6 17. fxe6 O-O 18. h4 g6 19. Qe2 Bd8 20. Nd5 Qa5 21. e7 Bxe7 22. Nxe7+ Kg7 23. h5 b5 24. hxg6 fxg6 25. Rg1 Rf6 26. Nd5 Rf7 27. Ne3 Qb4 28. Nf5+ Rxf5 29. exf5 Re8 30. Rxg6+ Kh7 31. Qh5 Nxg6 32. Qxg6+ Kh8 33. Qxe8+ Kg7 34. Qg6+ Kf8 35. f6 1-0

[Event "December 5 Early 2023"]
[Site "https://www.chess.com"]
[Date "2023.12.05"]
[Round "2"]
[White "pauliukevicius"]
[Black "Muskardin, Mario"]
[Result "0-1"]
[Board "227"]
[TimeControl "180+1"]
[BlackFideId "14518180"]
[WhiteElo "2151"]
[BlackElo "2454"]
[BlackTeam "CRO"]
[WhiteClock "0:00:00"]
[BlackClock "0:00:42"]

1. d4 Nf6 2. c4 e6 3. Nc3 Bb4 4. e3 b6 5. f3 O-O 6. e4 d6 7. Bd3 e5 8. d5 Bxc3+ 9. bxc3 Nh5 10. Ne2 f5 11. Be3 fxe4 12. fxe4 Nd7 13. Qd2 Nc5 14. Bc2 Nxe4 15. Qd3 Bf5 16. O-O-O Neg3 17. Qd2 Nxh1 18. Bxf5 Rxf5 19. g4 Nf2 20. Rf1 Ne4 0-1